 Dungeon Crawl Stone Soup version 0.19.1 (webtiles) character file.

248 rickard9 the Slasher (level 5, -1/34 HPs)
             Began as a High Elf Skald on Dec 3, 2016.
             Succumbed to an orc wizard's poison
             ... on level 3 of the Dungeon.
             The game lasted 00:11:23 (3163 turns).

rickard9 the Slasher (High Elf Skald)               Turns: 3163, Time: 00:11:24

Health: -1/34      AC:  5    Str: 11    XL:     5   Next: 86%
Magic:  6/9        EV: 11    Int: 16    God:
Gold:   179        SH:  0    Dex: 15    Spells: 4 memorised, 1 level left

rFire  . . .     SeeInvis .     a - +0 falchion
rCold  . . .     Gourm    .     b - +0 leather armour
rNeg   . . .     Faith    .     (no shield)
rPois  .         Spirit   .     s - +0 helmet
rElec  .         Reflect  .     i - +0 cloak
rCorr  .         Harm     .     (no gloves)
MR     .....                    (no boots)
Stlth  +.........               (no amulet)
                                (no ring)
                                (no ring)

@: lethally poisoned (-1 -> -10), regenerating
A: no striking features
a: no special abilities


You were on level 3 of the Dungeon.
You were not hungry.

You visited 1 branch of the dungeon, and saw 4 of its levels.

You collected 179 gold pieces.

Inventory:

Hand Weapons
 a - a +0 falchion (weapon)
Armour
 b - a +0 leather armour (worn)
 i - a +0 cloak (worn)
 s - a +0 helmet (worn)
Scrolls
 f - 6 scrolls of identify {unknown}
 g - 2 scrolls of magic mapping {unknown}
 n - a scroll of recharging {unknown}
 o - a scroll of enchant weapon {unknown}
 p - a scroll of remove curse {unknown}
 q - a scroll of teleportation {unknown}
 r - a scroll of immolation {unknown}
Potions
 e - a potion of invisibility
 k - a potion of brilliance {unknown}
 m - a potion of berserk rage {unknown}
Books
 c - a book of Battle

   Spells                             Type                      Level
   a - Infusion                       Charms                       1
   b - Shroud of Golubria             Charms/Translocation         2
   c - Song of Slaying                Charms                       2
   d - Spectral Weapon                Hexes/Charms                 3
   e - Regeneration                   Charms/Necromancy            3
 t - a book of Cantrips

   Spells                             Type                      Level
   a - Confusing Touch                Hexes                        1
   b - Animate Skeleton               Necromancy                   1
   c - Summon Small Mammal            Summoning                    1
   d - Apportation                    Translocation                1
Comestibles
 d - 6 bread rations
 h - a chunk of flesh
 j - 2 beef jerkies
 l - 3 meat rations


   Skills:
 - Level 2.0 Fighting
 - Level 6.0 Long Blades
 - Level 0.8 Armour
 - Level 1.1 Dodging
 - Level 2.5 Spellcasting
 + Level 5.7 Charms


You had one spell level left.
You knew the following spells:

 Your Spells              Type           Power        Failure   Level  Hunger
a - Infusion              Chrm           ###.         2%          1    #......
b - Song of Slaying       Chrm           ###.....     4%          2    ##.....
c - Shroud of Golubria    Chrm/Tloc      ##........   14%         2    ##.....
r - Regeneration          Chrm/Necr      ##........   30%         3    ###....


Dungeon Overview and Level Annotations

Branches:
Dungeon (4/15)
 Temple: D:4-7

Altars:
Hepliaklqana
Makhleb


Message History

* * * LOW HITPOINT WARNING * * *
You feel sick.
The orc wizard gestures at you while chanting.
The puff of frost hits you!
* * * LOW HITPOINT WARNING * * *
Casting: Song of Slaying
Confirm with . or Enter, or press ? or * to list all spells.
Your skin crawls.
You feel sick.
The orc wizard hits you with a dagger of venom.
* * * LOW HITPOINT WARNING * * *
You are lethally poisoned!
The orc wizard completely misses you.
Okay, then.
* * * LOW HITPOINT WARNING * * *
You feel sick.
The orc wizard hits you with a dagger of venom.
* * * LOW HITPOINT WARNING * * *
You are more poisoned.
There is an open door here.
You die...

#########...###
#.......'...'.# #####
#.#######...#.#
#...###.#######...#.#
.............######.#
.............######.#
.....).........>o...#
.............##'#########
................@.......#
....................###'###
..................###.....###
.............###'##.........##
.............###'#..⌠.....⌠..#
.............##..#.....8.....#
.............##..##._.###._.##
.............##...##### #####
.............#####.#.##


There were no monsters in sight!

Vanquished Creatures
  An orc priest (D:3)
  An orc wizard (D:3)
  Natasha (twice) (D:2)
  4 adders (D:2)
  2 oozes
  3 worms
  2 dart slugs
  4 leopard geckos
  5 orcs (D:3)
  5 giant cockroaches
  8 goblins
  5 hobgoblins
  5 jackals (D:1)
  3 quokkas
  9 bats
  3 frilled lizards
  5 kobolds
  10 rats
77 creatures vanquished.

Notes
Turn   | Place    | Note
-------+----------+-------------------------------------------
     0 | D:1      | rickard9 the High Elf Skald began the quest for the Orb.
     0 | D:1      | Reached XP level 1. HP: 14/14 MP: 4/4
   134 | D:1      | Reached skill level 3 in Long Blades
   172 | D:1      | Reached XP level 2. HP: 17/19 MP: 6/6
   491 | D:1      | Learned a level 2 spell: Song of Slaying
   701 | D:2      | Reached skill level 4 in Long Blades
   955 | D:2      | Reached XP level 3. HP: 23/24 MP: 7/7
   965 | D:2      | Learned a level 3 spell: Regeneration
  1234 | D:2      | Reached skill level 5 in Long Blades
  1538 | D:2      | Reached XP level 4. HP: 22/29 MP: 8/8
  1543 | D:2      | Learned a level 2 spell: Shroud of Golubria
  1551 | D:2      | Noticed Natasha
  1570 | D:2      | Killed Natasha
  1872 | D:2      | Reached skill level 6 in Long Blades
  1970 | D:2      | Noticed Natasha
  1980 | D:2      | Killed Natasha
  1980 | D:2      | Reached XP level 5. HP: 11/34 MP: 2/9
  2462 | D:3      | Reached skill level 5 in Charms
  2501 | D:3      | Found a burning altar of Makhleb.
  2502 | D:3      | Found a hazy altar of Hepliaklqana.
  3162 | D:3      | HP: 1/34 [orc wizard/dagger of venom (1)]
  3163 | D:3      | Succumbed to an orc wizard's poison

Skill      XL: |  1  2  3  4  5 |
---------------+----------------+-----
Long Blades    | 3 4 5 6 |  6.0
Charms         | 4 5 |  5.7
Fighting       | |  2.0
Armour         | |  0.8
Dodging        | |  1.1
Spellcasting   | |  2.5

Action                   |  1- 3 |  4- 6 || total
-------------------------+-------+-------++-------
Melee: Falchion          |   109 |   167 ||   276
 Cast: Regeneration      |       |     5 ||     5
       Song of Slaying   |       |     3 ||     3
  Use: Potion            |       |     3 ||     3
 Stab: Invisible         |       |     2 ||     2
  Eat: Chunk             |     2 |     5 ||     7
       Beef jerky        |       |     1 ||     1
Armor: Leather armour    |    37 |    43 ||    80
Dodge: Dodged            |    70 |   105 ||   175
       Rpst.: Falchion   |    22 |    44 ||    66
